 Dungeon Crawl Stone Soup version 0.26-a0-694-g74916bafe0 (webtiles) character file.

Game seed: 2015903074808433980

914 Gildeon the Conjurer (level 7, -5/40 HPs)
             Began as a Deep Elf Conjurer on Oct 25, 2020.
             Was an Initiate of Vehumet.
             Slain by an ogre
             ... wielding a cursed -3 giant spiked club
              (32 damage)
             ... on level 5 of the Dungeon.
             The game lasted 00:27:00 (5334 turns).

Gildeon the Conjurer (Deep Elf Conjurer)            Turns: 5334, Time: 00:27:00

Health: -5/40      AC:  3    Str:  8    XL:     7   Next: 82%
Magic:  0/16       EV: 14    Int: 25    God:    Vehumet [......]
Gold:   295        SH:  4    Dex: 13    Spells: 2/16 levels left

rFire    + . .     SeeInvis .   E - +1 dagger (drain)
rCold    + . .     Faith    .   j - +0 buckler
rNeg     + . .     Spirit   +   a - +0 robe
rPois    .         Reflect  .   (no helmet)
rElec    .         Harm     .   (no cloak)
rCorr    .         Rampage  .   n - +0 pair of gloves
MR       .....                  (no boots)
Stlth    +++.......             z - amulet of Wyquhid {Spirit rC+ Str+4}
HPRegen  0.13/turn              s - ring of protection from fire
MPRegen  0.15/turn              v - ring of positive energy

@: lightly drained
A: no striking features
a: Renounce Religion


You were on level 5 of the Dungeon.
You worshipped Vehumet.
Vehumet was noncommittal.
You visited 2 branches of the dungeon, and saw 6 of its levels.
You also visited: Sewer.

You collected 295 gold pieces.

Inventory:

Hand Weapons
 E - a +1 dagger of draining (weapon)
Missiles
 g - 6 atropa-tipped darts
 o - 7 poisoned darts (quivered)
 A - 2 curare-tipped darts
Armour
 a - a +0 robe (worn)
 j - a +0 buckler (worn)
 n - a +0 pair of gloves (worn)
 p - a +0 leather armour
Magical Staves
 r - an uncursed staff of air
Jewellery
 s - a ring of protection from fire (left hand)
 v - a ring of positive energy (right hand)
 w - an uncursed ring of fire
 z - the amulet of Wyquhid (around neck) {Spirit rC+ Str+4}
   (You found it on level 4 of the Dungeon)

   [amulet of guardian spirit]

   It causes incoming damage to be split between your health and magic.
   It affects your strength (+4).
   It protects you from cold.
Scrolls
 b - a scroll of amnesia {unknown}
 e - a scroll of teleportation {unknown}
 i - a scroll of magic mapping
 k - a scroll of immolation {unknown}
 q - 3 scrolls of remove curse
 t - a scroll of fear {unknown}
 y - a scroll of blinking {unknown}
 C - a scroll of summoning {unknown}
Potions
 c - 2 potions of cancellation
 d - 7 potions of curing
 f - 3 potions of haste {unknown}
 l - 3 potions of resistance
 m - 3 potions of heal wounds {unknown}
 u - 2 potions of magic {unknown}
 x - a potion of stabbing {unknown}
 D - a potion of might {unknown}


   Skills:
 - Level 2.0(1.8) Fighting
 + Level 0.4(0.2) Short Blades
 + Level 5.1(4.9) Dodging
 + Level 5.1(4.9) Stealth
 + Level 3.0(2.9) Shields
 - Level 5.0(4.8) Spellcasting
 + Level 5.7(5.6) Conjurations
 - Level 2.0(1.8) Hexes
 - Level 2.0(1.8) Translocations


You had 2 spell levels left.
You knew the following spells:

 Your Spells              Type           Power        Failure   Level
a - Magic Dart            Conj           ####         1%          1
b - Searing Ray           Conj           ####..       1%          2
c - Dazzling Flash        Conj/Hex       ###...       6%          3
d - Iskenderun's Mystic   Conj/Tloc      ###.....     21%         4
e - Fulminant Prism       Conj/Hex       ###.......   21%         4

Your spell library contained the following spells:

 Spells                   Type           Power        Failure   Level


Dungeon Overview and Level Annotations

Branches:
Dungeon (5/15)             Temple (1/1) D:5           Sewer (visited)

Altars:
Cheibriados
Dithmenos
Fedhas
Gozag
Hepliaklqana
Kikubaaqudgha
Makhleb
Nemelex Xobeh
Okawaru
Qazlal
Ru
Uskayaw
Vehumet
Xom
Yredelemnul
Zin
The Shining One


Message History

The searing ray hits the orc wizard.
You kill the orc wizard!
Vehumet accepts your kill.
The searing ray hits the ogre.
The ogre is moderately wounded.
You finish channeling your searing ray.
Casting: Searing Ray (safe; 1% risk of failure)
Confirm with . or Enter, or press ? or * to list all spells.
Aiming: Searing Ray (safe; 1% risk of failure)
Press: ? - help, Shift-Dir - straight line, f - ogre
Aim: an ogre, wielding a -3 giant spiked club (moderately wounded)
The searing ray hits the ogre.
The ogre is heavily wounded. (Press . to maintain the ray.)
The ogre closely misses you.
The searing ray hits the ogre.
The ogre is severely wounded.
The ogre hits you with a cursed -3 giant spiked club!!
Ouch! That really hurt!
You die...

****,*,,,.,O....*.#,.,,*,,**,*,*,
,,,,,,,,,..,....#.#.#*,*,,**,*,**
,,,,,,,,,...,.....#.,,,*,,**,*<,,
,,,,,,,,,,,..#.....,,,,,,,,,,*,**
,,,,>,,,,,,,,...).,,,,,,,,,,,,,,,
,,,,,,,,,,,,,*#..#*,,,,,,,,,,,,,*
,,,,,,,,,,,,,*#!)#*******,*******
,,,,,,,,,,,,,*##O## *.#...#*,
,,,,,,,,,,,,,* #@)# #.#...#*,
,,,,,,*****#####..# ###'#...##.
,,,,,,* #......# ##..........
,,,,,,* #.####'####...........
,,,,,,* *,#.......#..........)
,,,,,,* *,#.......#...........
******* *,#...>...'...........
*,#.......#.##.......#
*,#......)#.##.......#


You could see an ogre.

Vanquished Creatures
  A sky beast (D:5)
  An ogre (D:5)
  A centaur (D:5)
  A scorpion (D:4)
  2 centaur skeletons
  2 hounds
  A bullfrog skeleton (D:5)
  2 iguanas
  3 orc wizards
  4 worker ants
  3 gnolls (D:2)
  9 adders
  A shadow imp (D:4)
  A worm (D:4)
  2 dart slugs
  3 leopard geckos
  14 orcs
  5 giant cockroaches
  6 hobgoblins
  9 jackals
  7 kobolds
  2 quokkas (D:3)
  4 ball pythons (Sewer)
  8 bats
  10 frilled lizards
  A giant cockroach zombie (D:5)
  6 goblins
  A quokka skeleton (D:2)
  9 rats
119 creatures vanquished.

Vanquished Creatures (others)
  12 plants (Sewer)
12 creatures vanquished.

Grand Total: 131 creatures vanquished

Notes
Turn   | Place    | Note
-------+----------+-------------------------------------------
     0 | D:1      | Gildeon the Deep Elf Conjurer began the quest for the Orb.
     0 | D:1      | Reached XP level 1. HP: 10/10 MP: 6/6
   326 | D:1      | Reached XP level 2. HP: 15/15 MP: 6/8
   629 | D:1      | Learned a level 2 spell: Searing Ray
  1143 | D:2      | Reached XP level 3. HP: 19/19 MP: 6/10
  1148 | D:2      | Learned a level 3 spell: Dazzling Flash
  1533 | D:2      | Reached XP level 4. HP: 24/24 MP: 0/11
  1627 | D:2      | Learned a level 4 spell: Iskenderun's Mystic Blast
  2117 | D:3      | Reached skill level 5 in Conjurations
  2558 | D:4      | Reached XP level 5. HP: 15/28 MP: 7/13
  2843 | D:4      | Reached skill level 1 in Shields
  2991 | D:4      | Reached XP level 6. HP: 28/32 MP: 12/15
  3041 | D:4      | Reached skill level 5 in Spellcasting
  3348 | D:4      | Learned a level 4 spell: Fulminant Prism
  3351 | D:4      | Found an ancient bone altar of Kikubaaqudgha.
  3465 | D:4      | Reached skill level 1 in Hexes
  3607 | D:4      | Got a transparent emerald amulet
  3613 | D:4      | Identified the amulet of Wyquhid {Spirit rC+ Str+4} (You
                  | found it on level 4 of the Dungeon)
  3953 | D:5      | Entered Level 5 of the Dungeon
  3958 | D:5      | Reached skill level 1 in Translocations
  4007 | D:5      | Reached skill level 5 in Stealth
  4107 | D:5      | Got a fading short sword
  4211 | D:5      | Noticed a sky beast
  4224 | D:5      | Killed a sky beast
  4224 | D:5      | Reached skill level 1 in Fighting
  4224 | D:5      | Reached skill level 5 in Dodging
  4224 | D:5      | Reached XP level 7. HP: 34/38 MP: 2/16
  4437 | D:5      | Found a glowing drain.
  4441 | Sewer    | Entered a sewer
  4837 | Sewer    | Identified the +9 short sword of Vavenk {drain, rC+} (You
                  | found it on level 5 of the Dungeon)
  5123 | D:5      | Found a staircase to the Ecumenical Temple.
  5135 | Temple   | Entered the Ecumenical Temple
  5174 | Temple   | Became a worshipper of Vehumet
  5334 | D:5      | Slain by an ogre

Illustrated notes

Levels and vault maps discovered:
D:1:      lightli_arrival_isolated_outpost, layout_basic
D:2:      layout_basic
D:3:      layout_basic, serial_park_tiny_1
D:4:      layout_layer_cave, nicolae_overflow_crystal_walls
D:5:      layout_basic, temple_green, gup_sewer_entry_spiral
Temple:   regret_index_temple_sphere_string

Skill      XL: |  1  2  3  4  5  6  7 |
---------------+----------------------+-----
Stealth        | 3 4 5 |  5.1
Dodging        | 3 4 5 |  5.1
Spellcasting   | 4 5 |  5.0
Conjurations   | 5 |  5.7
Shields        | 1 2 3 |  3.0
Hexes          | 2 |  2.0
Translocations | 2 |  2.0
Fighting       | 1 2 |  2.0
Short Blades   | |  0.4

Action                   |  1- 3 |  4- 6 |  7- 9 || total
-------------------------+-------+-------+-------++-------
Melee: Dagger            |     8 |    14 |     9 ||    31
       Short sword       |       |       |     4 ||     4
Throw: Dart              |     2 |    12 |     1 ||    15
 Cast: Magic Dart        |    68 |    82 |    33 ||   183
       Searing Ray       |     1 |    15 |     8 ||    24
       Dazzling Flash    |       |     1 |     1 ||     2
  Use: Scroll            |       |     5 |       ||     5
 Stab: Sleeping          |     2 |    11 |     4 ||    17
Armor: Robe              |     7 |     7 |     5 ||    19
Dodge: Dodged            |    13 |    23 |    28 ||    64
Block: Buckler           |       |       |     5 ||     5

Table legend: (Time is in decaauts)
 A = Elapsed time spent in this place.
 B = Non-inter-level travel time spent in this place.
 C = Inter-level travel time spent in this place.
 D = Time resting spent in this place.
 E = Time spent auto-exploring this place.
 F = Levels seen in this place.
 G = Mean time per level.
                   A        B        C        D        E       F      G
               +--------+--------+--------+--------+--------+-----+--------+
         Total |   5459 |   5402 |     57 |   1491 |   2793 |   7 |  779.9 |
       Dungeon |   4659 |   4610 |     49 |   1411 |   2310 |   5 |  931.8 |
        Temple |    169 |    161 |      8 |      0 |    150 |   1 |  169.0 |
         Sewer |    629 |    629 |      0 |     80 |    333 |   1 |  629.0 |
               +--------+--------+--------+--------+--------+-----+--------+

Top non-repeatable levels by time:
     D:4: 1401 daAuts
     D:1: 1021 daAuts
     D:2: 782 daAuts
     D:3: 746 daAuts
     D:5: 708 daAuts
   Sewer: 629 daAuts
  Temple: 169 daAuts
